 Dungeon Crawl Stone Soup version 0.20.0-8-g6b59dc7 (webtiles) character file.

65770 fox255 the Impaler (level 15, -1/154 HPs)
             Began as a Gargoyle Berserker on May 31, 2017.
             Was the Champion of Trog.
             Slain by a tentacle (7 damage)
             ... attached to a kraken
             ... on level 1 of the Shoals.
             The game lasted 01:51:39 (17725 turns).

fox255 the Impaler (Gargoyle Berserker)            Turns: 17725, Time: 01:51:40

Health: -1/154     AC: 42    Str: 29    XL:     15   Next: 17%
Magic:  15/15      EV: 11    Int: 10    God:    Trog [******]
Gold:   1574       SH:  0    Dex: 10    Spells: 14/14 levels left

rFire    + . .     SeeInvis .   a - +6 halberd (vamp)
rCold    + . .     Gourm    .   (shield currently unavailable)
rNeg     + + .     Faith    .   F - +10 chain mail of Piutu {Slay+3}
rPois    ∞         Spirit   .   B - +2 hat
rElec    +         Reflect  .   Q - scarf {repulsion}
rCorr    .         Harm     .   V - +0 pair of gloves
MR       +....                  (no boots)
Stlth    ..........             (no amulet)
Regen    0.4/turn               J - +5 ring of protection
MPRegen  0.2/turn               K - ring "Reuguut" {rF+ rC+ rN+ Stlth+}

@: berserking, repel missiles, quick
A: big wings, negative energy resistance 1, electricity resistance, unbreathing,
petrification resistance, rot immunity, AC +11
a: Fly, Berserk, Trog's Hand, Brothers in Arms, Burn Spellbooks, Renounce
Religion


You were on level 1 of the Shoals.
You worshipped Trog.
Trog was exalted by your worship.
You were very hungry.

You visited 6 branches of the dungeon, and saw 18 of its levels.
You visited the Abyss 1 time.

You collected 1574 gold pieces.

Inventory:

Hand Weapons
 a - a +6 vampiric halberd (weapon)
 C - a +8 glaive of chopping
 P - a +7 halberd of chopping
 X - a +0 glaive of distortion
Armour
 q - a +0 shield
 B - a +2 hat (worn)
 F - the +10 chain mail of Piutu (worn) {Slay+3}
   (You found it on level 5 of the Dungeon)

   It affects your accuracy and damage with ranged weapons and melee attacks
   (+3).
 Q - a scarf of repulsion (worn)
 V - a +0 pair of gloves (worn)
 Z - a scarf of resistance
Jewellery
 h - an uncursed ring of see invisible
 j - an uncursed ring of protection from magic
 l - a +5 ring of evasion
 p - an uncursed amulet of harm
 J - a +5 ring of protection (left hand)
 K - the ring "Reuguut" (right hand) {rF+ rC+ rN+ Stlth+}
   (You found it on level 7 of the Dungeon)

   [ring of positive energy]

   It protects you from fire.
   It protects you from cold.
   It protects you from negative energy.
   It makes you more stealthy.
 Y - an uncursed amulet of regeneration {unknown}
Wands
 t - a wand of digging (8/24)
 y - a wand of confusion (14/48)
 H - a wand of flame (44/48)
 L - a wand of lightning (5/15)
 N - a wand of flame (7/48)
 O - a wand of iceblast (5/15)
 R - a wand of polymorph (11/24)
Scrolls
 n - a scroll of blinking
 u - 14 scrolls of identify
 v - a scroll of summoning
 z - 6 scrolls of teleportation
 A - a scroll of recharging
 I - 3 scrolls of fog
 U - 3 scrolls of remove curse
 W - a scroll of enchant armour {unknown}
Potions
 b - 3 potions of agility
 d - 6 potions of heal wounds
 e - 2 potions of resistance {unknown}
 i - a potion of invisibility {unknown}
 k - 3 potions of magic {unknown}
 m - 2 potions of lignification {unknown}
 o - 7 potions of flight {unknown}
 r - 3 potions of ambrosia {unknown}
 s - 4 potions of berserk rage {unknown}
 w - 3 potions of curing {unknown}
 x - 2 potions of cancellation {unknown}
 D - 4 potions of brilliance {unknown}
 E - 2 potions of might {unknown}
 M - a potion of degeneration {unknown}
 S - 2 potions of mutation {unknown}
 T - a potion of haste {unknown}
Comestibles
 c - 5 bread rations
 f - 5 meat rations
 g - 13 royal jellies
 G - 11 fruits


   Skills:
 + Level 15.1 Fighting
 + Level 15.2 Polearms
 + Level 14.4 Armour
 - Level 4.2 Dodging
 - Level 4.0 Shields


You had 14 spell levels left.
You didn't know any spells.

Dungeon Overview and Level Annotations

Branches:
Dungeon (11/15)            Temple (1/1) D:6            Lair (2/6) D:11
 Shoals (1/4) Lair:2        Snake (0/4) Lair:2          Orc (2/2) D:11
    Elf (1/3) Orc:2

Altars:
Ashenzari
Cheibriados
Dithmenos
Elyvilon
Fedhas
Gozag
Hepliaklqana
Kikubaaqudgha
Makhleb
Nemelex Xobeh
Okawaru
Qazlal
Ru
Sif Muna
Trog
Uskayaw
Vehumet
Xom
Yredelemnul
Zin
The Shining One

Shops:
D:6 *   Orc:2 =*([

Annotations:
D:5 1 exclusion


Innate Abilities, Weirdness & Mutations

You are resistant to torment.
Your stone body is resilient. (AC +11)
You are immune to poison.
Your large and strong wings let you fly indefinitely.
You resist negative energy. (rN+)
You are resistant to electric shocks. (rElec)
You can survive without breathing.
You are immune to petrification.
You are immune to rotting.


Message History

The kraken is severely wounded.
The tentacle barely misses you.
The tentacle slaps you but does no damage.
The tentacle barely misses you.
A tentacle rises from the water!
A tentacle comes into view.
You slash the kraken!
You feel better.
The kraken is severely wounded.
The tentacle slaps you!
The tentacle slaps you but does no damage. x2
The kraken bites you!!
* * * LOW HITPOINT WARNING * * *
A red film seems to cover your vision as you go berserk!
You feel yourself moving faster!
You feel mighty!
You are feeling very hungry.
The tentacle slaps you!
* * * LOW HITPOINT WARNING * * *
The tentacle slaps you but does no damage. x2
The kraken bites you but does no damage.
The tentacle closely misses you. The tentacle slaps you!
You die...

≈≈≈≈≈............≈≈≈≈
≈≈≈≈≈(......≈....§≈≈≈≈≈
)(≈≈≈..###.......§§.§≈≈
≈)((≈..# ##../##..§§...
≈≈≈≈((## #P.## .§§.#
≈≈≈≈(## ###.# ..§.#
≈≈≈≈(.# #.###.§≈.##
≈≈≈≈..## ##...§≈§...
≈≈≈≈≈..#######ww@§§§≈..
≈≈≈≈≈....P...P§wXw§≈≈≈≈≈
≈≈≈≈≈....≈≈§§P§§≈§≈≈≈≈≈≈
..≈.....≈≈≈≈§P≈≈§≈§≈≈≈≈≈
.≈≈..###.≈≈≈P≈≈§≈≈≈≈≈≈≈≈
..≈.## #..≈P≈≈≈≈≈§≈≈≈≈≈≈
#... #.≈≈≈≈≈≈≈≈≈≈≈≈≈≈≈
#### ##.≈≈≈≈≈≈≈ ≈≈≈≈≈.
####..≈≈≈≈≈≈≈


You could see a kraken and 4 tentacles.

Vanquished Creatures
  A tentacled starspawn (Abyss:1)
  An azure jelly (shapeshifter) (Elf:1)
  A deep elf sorcerer (Elf:1)
  An ettin (Orc:1)
  A merfolk impaler (Shoals:1)
  Fannar (D:10)
  A hydra (Lair:2)
  2 naga warriors (Abyss:1)
  9 two-headed ogres
  2 dancing weapons (Elf:1)
  2 ogre magi (Orc:2)
  An orc high priest (Elf:1)
  4 deep elf knights (Elf:1)
  Nergalle (D:11)
  A soul eater (Abyss:1)
  A sixfirhy (Abyss:1)
  An iron troll (Orc:1)
  A glowing orange brain (Abyss:3)
  A sea snake (Shoals:1)
  An unseen horror (Abyss:3)
  5 large abominations
  A deep troll (Orc:1)
  The ghost of ciphuk the Destroyer, a novice FeCj of Vehumet (D:11)
  5 deep elf archers (Elf:1)
  4 harpies
  3 orc knights (Orc:2)
  10 fauns (Shoals:1)
  9 deep elf magi (Elf:1)
  2 orc sorcerers (Orc:2)
  2 ugly things (D:11)
  A rust devil (Abyss:1)
  2 cyclopes
  A guardian serpent (Abyss:1)
  2 worldbinders
  Joseph (D:9)
  2 merfolk sirens (Shoals:1)
  A torpor snail (Lair:2)
  3 spiny frogs
  2 gargoyles (D:10)
  A kobold demonologist (D:11)
  9 trolls
  A merfolk (Shoals:1)
  A raiju (Abyss:2)
  Prince Ribbit (D:7)
  3 hornets
  6 dream sheep
  4 hippogriffs
  Sigmund (D:4)
  A ynoxinul (Abyss:1)
  An air elemental (Elf:1)
  A fire elemental (Elf:1)
  22 yaks
  4 hungry ghosts
  2 small abominations
  A human (shapeshifter) (Abyss:1)
  A warg (Orc:2)
  3 water moccasins
  2 nagas (Lair:2)
  4 porcupines
  3 ice beasts
  4 necrophages
  15 orc warriors
  5 sky beasts
  22 ogres
  An eye of draining (D:11)
  12 centaurs
  4 crocodiles
  4 big kobolds
  7 bullfrogs
  A wyvern zombie (D:10)
  A gnoll sergeant (D:10)
  2 wyvern skeletons
  3 scorpions
  6 killer bees (D:9)
  2 howler monkeys
  4 wights (D:10)
  3 crimson imps
  A bullfrog zombie (D:11)
  A quasit (Abyss:3)
  4 hounds
  15 orc priests
  4 centaur skeletons
  6 jellies
  16 orc wizards
  5 iguanas
  A bullfrog skeleton (D:4)
  7 worker ants
  Ijyb (D:4)
  A hound zombie (D:5)
  3 hound skeletons
  Robin (D:4)
  3 gnolls (Orc:1)
  12 adders
  3 shadow imps
  6 oozes
  3 adder skeletons
  4 worms
  3 dart slugs
  5 leopard geckos
  72 orcs
  4 giant cockroaches
  20 goblins
  9 hobgoblins
  7 jackals
  29 kobolds
  4 quokkas
  10 bats
  9 frilled lizards
  A jackal skeleton (D:7)
  A leopard gecko zombie (D:7)
  A quokka skeleton (D:5)
  A quokka zombie (D:5)
  5 rats
  A fungus (D:11)
  A starspawn tentacle (Abyss:1)
  2 tentacles (Shoals:1)
541 creatures vanquished.

Vanquished Creatures (collateral kills)
  2 two-headed ogres (Orc:2)
  A cyclops (Orc:2)
  An ogre (Orc:2)
4 creatures vanquished.

Vanquished Creatures (others)
  A deep elf knight (Elf:1)
  4 fungi
  5 plants
  6 starspawn tentacles (Abyss:1)
  7 tentacles (Shoals:1)
23 creatures vanquished.

Grand Total: 568 creatures vanquished

Notes
Turn   | Place    | Note
-------+----------+-------------------------------------------
     0 | D:1      | fox255 the Gargoyle Berserker began the quest for the Orb.
     0 | D:1      | Reached XP level 1. HP: 14/14 MP: 1/1
   159 | D:1      | Reached XP level 2. HP: 20/20 MP: 2/2
   591 | D:2      | Reached XP level 3. HP: 24/24 MP: 3/3
   803 | D:2      | Reached ** piety under Trog
   843 | D:2      | Found a hide-covered altar of Uskayaw.
   949 | D:2      | Found a snail-covered altar of Cheibriados.
  1349 | D:3      | Found an opulent altar of Gozag.
  1365 | D:3      | Reached XP level 4. HP: 24/29 MP: 4/4
  1617 | D:3      | Reached XP level 5. HP: 33/33 MP: 5/5
  2369 | D:4      | Noticed Robin
  2374 | D:4      | Reached XP level 6. HP: 38/38 MP: 6/6
  2390 | D:4      | Reached *** piety under Trog
  2391 | D:4      | Killed Robin
  2681 | D:4      | Noticed Ijyb
  2707 | D:4      | Killed Ijyb
  2721 | D:4      | Found a radiant altar of Vehumet.
  2771 | D:4      | Noticed Sigmund
  2783 | D:4      | Killed Sigmund
  2783 | D:4      | Reached skill level 5 in Polearms
  2783 | D:4      | Reached XP level 7. HP: 43/43 MP: 7/7
  3502 | D:5      | Entered Level 5 of the Dungeon
  3977 | D:5      | Reached XP level 8. HP: 36/48 MP: 8/8
  4493 | D:5      | Got a shimmering chain mail
  4507 | D:5      | Identified the +10 chain mail of Piutu {Slay+3} (You found it on level 5 of the Dungeon)
  4550 | D:5      | Reached skill level 5 in Fighting
  4830 | D:6      | Found a staircase to the Ecumenical Temple.
  4959 | D:6      | Found Miteg's Assorted Antiques.
  5237 | Temple   | Entered the Ecumenical Temple
  5477 | D:7      | Reached **** piety under Trog
  5573 | D:7      | Found a blossoming altar of Fedhas.
  5647 | D:7      | Got a flickering brass ring
  5781 | D:7      | Reached XP level 9. HP: 56/56 MP: 9/9
  5811 | D:7      | Identified the ring "Reuguut" {rF+ rC+ rN+ Stlth+} (You found it on level 7 of the Dungeon)
  5840 | D:7      | Reached skill level 5 in Armour
  6127 | D:7      | Noticed Prince Ribbit
  6138 | D:7      | Killed Prince Ribbit
  6900 | D:8      | Found a stormy altar of Qazlal.
  6932 | D:8      | Noticed a two-headed ogre
  6949 | D:8      | Killed a two-headed ogre
  6972 | D:8      | Reached ***** piety under Trog
  6976 | D:8      | Reached XP level 10. HP: 31/65 MP: 10/10
  7228 | D:8      | Noticed a two-headed ogre
  7241 | D:8      | Killed a two-headed ogre
  7694 | D:9      | Noticed Joseph
  7721 | D:9      | Killed Joseph
  8010 | D:9      | Reached skill level 10 in Fighting
  8202 | D:9      | Received a gift from Trog
  8374 | D:9      | Found a deep blue altar of Sif Muna.
  8585 | D:10     | Entered Level 10 of the Dungeon
  8674 | D:10     | Got a spiked chain mail
  8675 | D:10     | Identified the +10 chain mail "Withitit" {rElec} (You found it on level 10 of the Dungeon)
  8680 | D:10     | Noticed a gargoyle
  8692 | D:10     | Killed a gargoyle
  8860 | D:10     | Noticed Fannar
  9130 | D:10     | Reached XP level 11. HP: 50/73 MP: 11/11
  9257 | D:10     | Killed Fannar
  9504 | D:10     | Reached skill level 10 in Armour
 10081 | D:11     | Noticed ciphuk's ghost (novice FeCj)
 10095 | D:11     | Killed ciphuk's ghost
 10344 | D:11     | Received a gift from Trog
 10390 | D:11     | Noticed a two-headed ogre
 10401 | D:11     | Killed a two-headed ogre
 10487 | D:11     | Noticed Nergalle
 10490 | D:11     | Noticed a spectral orc warlord
 10491 | D:11     | Killed Nergalle
 10538 | D:11     | Noticed a purple ugly thing
 10549 | D:11     | Killed a purple ugly thing
 10551 | D:11     | Reached XP level 12. HP: 81/81 MP: 12/12
 10577 | D:11     | Found a staircase to the Orcish Mines.
 10594 | D:11     | Reached skill level 10 in Polearms
 10708 | D:11     | Found a staircase to the Lair.
 11166 | Orc:1    | Entered Level 1 of the Orcish Mines
 11377 | Orc:2    | Entered Level 2 of the Orcish Mines
 11444 | Orc:2    | Noticed a two-headed ogre
 11445 | Orc:2    | Noticed a two-headed ogre
 11448 | Orc:2    | Noticed an ogre mage
 11451 | Orc:2    | Noticed a two-headed ogre
 11452 | Orc:2    | Killed a two-headed ogre
 11457 | Orc:2    | Received a gift from Trog
 11459 | Orc:2    | Noticed a two-headed ogre
 11460 | Orc:2    | Killed an ogre mage
 11461 | Orc:2    | Killed a two-headed ogre
 11462 | Orc:2    | Noticed a two-headed ogre
 11462 | Orc:2    | Killed a two-headed ogre
 11463 | Orc:2    | Found Pecieh's Jewellery Shop.
 11463 | Orc:2    | Noticed a two-headed ogre
 11463 | Orc:2    | Noticed an iron troll
 11860 | Orc:1    | Killed a two-headed ogre
 11864 | Orc:1    | Killed a two-headed ogre
 11975 | Orc:1    | Killed an iron troll
 12264 | Orc:2    | Killed a two-headed ogre
 12264 | Orc:2    | Reached XP level 13. HP: 86/86 MP: 13/13
 12337 | Orc:2    | Noticed an ogre mage
 12344 | Orc:2    | Killed an ogre mage
 12367 | Orc:2    | Found Bourui Aggy's Assorted Antiques.
 12372 | Orc:2    | Found Ducid's Antique Weapon Boutique.
 12373 | Orc:2    | Found Xut Bijyi's Antique Armour Boutique.
 12634 | Orc:2    | Paralysed by an orc sorcerer for 2 turns
 12847 | Orc:2    | Received a gift from Trog
 13022 | Orc:2    | Found a staircase to the Elven Halls.
 13507 | Orc:1    | Noticed an ettin
 13516 | Orc:1    | Killed an ettin
 13963 | Elf:1    | Entered Level 1 of the Elven Halls
 14249 | Elf:1    | Noticed a spark wasp
 14249 | Elf:1    | a queen ant changed into a spark wasp
 14253 | Elf:1    | Noticed a minotaur
 14253 | Elf:1    | a spark wasp changed into a minotaur
 14254 | Elf:1    | Noticed a stone giant
 14254 | Elf:1    | a minotaur changed into a stone giant
 14260 | Elf:1    | a stone giant changed into an iron troll
 14262 | Elf:1    | Noticed a dire elephant
 14262 | Elf:1    | an iron troll changed into a dire elephant
 14263 | Elf:1    | Noticed a frost giant
 14263 | Elf:1    | a dire elephant changed into a frost giant
 14266 | Elf:1    | Noticed an azure jelly
 14266 | Elf:1    | a frost giant changed into an azure jelly
 14270 | Elf:1    | Killed an azure jelly
 14635 | Elf:1    | Noticed a deep elf sorcerer
 14642 | Elf:1    | Killed a deep elf sorcerer
 14648 | Elf:1    | Gained mutation: Your large and strong wings let you fly indefinitely. [Gargoyle growth]
 14648 | Elf:1    | Reached XP level 14. HP: 25/94 MP: 14/14
 14977 | Elf:1    | Reached ****** piety under Trog
 15441 | Lair:1   | Entered Level 1 of the Lair of Beasts
 15453 | Lair:1   | Received a gift from Trog
 16491 | Lair:2   | Found a staircase to the Snake Pit.
 16498 | Lair:2   | Cast into level 1 of the Abyss (naga)
 16598 | Abyss:1  | Found a sparkling altar of Nemelex Xobeh.
 16635 | Abyss:1  | Noticed an ironheart preserver
 16654 | Abyss:1  | Noticed a tentacled starspawn
 16663 | Abyss:1  | Received a gift from Trog
 16671 | Abyss:1  | Killed a tentacled starspawn
 16736 | Abyss:1  | Noticed a hellephant
 17015 | Lair:2   | Escaped the Abyss
 17248 | Lair:2   | Found a staircase to the Shoals.
 17281 | Shoals:1 | Entered Level 1 of the Shoals
 17331 | Shoals:1 | Reached skill level 15 in Polearms
 17343 | Shoals:1 | Reached XP level 15. HP: 101/101 MP: 15/15
 17532 | Shoals:1 | Reached skill level 15 in Fighting
 17690 | Shoals:1 | Noticed a kraken
 17725 | Shoals:1 | HP: 6/154 [tentacle[a kraken] (7)]
 17725 | Shoals:1 | Slain by a tentacle

Skill      XL: |  1  2  3  4  5  6  7  8  9 10 11 12 13 14 15 |
---------------+----------------------------------------------+-----
Polearms       | 3 5 6 8 9 13 14 15 | 15.2
Fighting       | 4 6 8 10 12 13 14 15 | 15.1
Armour         | 3 4 7 9 11 12 14 | 14.4
Shields        | 2 3 4 |  4.0
Dodging        | 3 4 |  4.2

Action                   |  1- 3 |  4- 6 |  7- 9 | 10-12 | 13-15 || total
-------------------------+-------+-------+-------+-------+-------++-------
Melee: Spear             |   117 |   145 |   448 |   195 |       ||   905
       Halberd           |       |       |       |   391 |   260 ||   651
       Glaive            |       |       |       |       |   350 ||   350
Throw: Stone             |    50 |     8 |       |       |       ||    58
Invok: Berserk           |       |     3 |     3 |     3 |     7 ||    16
       Trog's Hand       |       |     1 |       |     1 |       ||     2
       Burn Spellbooks   |       |       |     1 |       |       ||     1
       Brothers in Arms  |       |       |       |     1 |       ||     1
Evoke: Wand              |       |     1 |       |     1 |       ||     2
  Use: Scroll            |     4 |     4 |     3 |    14 |     3 ||    28
       Potion            |       |       |       |       |     2 ||     2
  Eat: Chunk             |     1 |     4 |    12 |    19 |    14 ||    50
       Bread ration      |       |     1 |     1 |     1 |     1 ||     4
       Fruit             |       |       |       |     3 |     5 ||     8
       Royal jelly       |       |       |       |       |     3 ||     3
Armor: Animal skin       |    28 |     1 |       |       |       ||    29
       Leather armour    |       |    26 |    22 |       |       ||    48
       Scale mail        |       |       |    14 |       |       ||    14
       Chain mail        |       |       |   122 |   412 |   554 ||  1088
Dodge: Dodged            |    56 |    72 |   156 |   282 |   333 ||   899
       Deflected         |       |       |       |    16 |    59 ||    75
Block: Shield            |    24 |    59 |   177 |    66 |       ||   326
